Toronto Maple Leafs vs Los Angeles Kings
Created - Sunday, June 1, 2025 at 08:53
Goals
|
| Toronto Maple Leafs |
0 |
1 |
1 |
2 |
| Los Angeles Kings |
1 |
1 |
1 |
3 |
|
Shots
|
| Toronto Maple Leafs |
15 |
16 |
10 |
41 |
| Los Angeles Kings |
9 |
16 |
13 |
38 |
|
1st period
1. Los Angeles Kings , Logan Cooley 23 (Seth Jarvis 43) at 6:37 (PP)
Penalties :
Michael Milne (LAK) for High sticking (Minor) at 0:45, Troy Terry (TOR) for Tripping (Minor) at 6:05
2nd period
2. Los Angeles Kings , Seth Jarvis 36 (Matthew Boldy 46) at 6:23
3. Toronto Maple Leafs , Nicolas Roy 22 (Nino Niederreiter 18, Sam Bennett 24) at 7:27
Penalties :
No Penalty
3rd period
4. Los Angeles Kings , Adam Fantilli 30 (Andrei Svechnikov 43) at 5:01
5. Toronto Maple Leafs , Wyatt Johnston 34 (Quinton Byfield 40, Ryan Pulock 23) at 10:18 (PP)
Penalties :
Andrei Svechnikov (LAK) for Roughing (Minor) at 6:32, Sampo Ranta (LAK) for Goalie Interference (Minor) at 9:46
Goalie Stats
Cam Talbot (TOR), 35 saves from 38 shots - (0.921), L, 25-21-6, 58:58 minutes
Andrei Vasilevskiy (LAK), 39 saves from 41 shots - (0.951), W, 21-28-9, 60:00 minutes
Players Stats for Toronto Maple Leafs
Player Name G A P +/- PIM S H SB GA TA FO MP PP MP PK MP
------------------------------------------------------------------------------------
Aaron Ekblad 0 0 0 -1 0 2 2 0 1 2 0/0 24:17 1:43 0:32
Andrew Mangiapane 0 0 0 0 0 0 1 0 0 1 0/0 9:45 0:00 0:00
Brady Tkachuk 0 0 0 -2 0 7 4 1 0 3 1/2 17:53 2:15 0:09
Brandon Saad 0 0 0 0 0 1 0 0 1 0 0/0 9:45 0:00 0:00
Cody Ceci 0 0 0 0 0 2 3 3 0 0 0/0 19:09 2:27 0:00
Dougie Hamilton 0 0 0 0 0 0 1 0 0 2 0/0 16:14 0:00 0:00
Mario Ferraro 0 0 0 0 0 0 0 3 0 0 0/0 18:01 2:27 0:00
Nick Bjugstad 0 0 0 0 0 1 0 1 0 1 0/0 16:40 2:15 0:09
Nicolas Roy 1 0 1 1 0 6 0 0 0 1 0/0 15:28 0:00 0:00
Nino Niederreiter 0 1 1 1 0 1 0 1 0 0 1/1 15:28 0:00 0:00
Quinton Byfield 0 1 1 0 0 2 2 0 0 0 0/1 16:31 2:15 0:00
Ryan Pulock 0 1 1 -1 0 0 3 2 1 1 0/0 24:37 2:03 0:32
Sam Bennett 0 1 1 1 0 1 1 0 2 0 9/19 15:28 0:00 0:00
Scott Laughton 0 0 0 0 0 1 3 0 0 0 0/0 10:08 0:00 0:23
Sean Walker 0 0 0 0 0 3 0 0 1 1 0/0 17:42 0:20 0:00
Tomas Hertl 0 0 0 -2 0 6 1 0 1 1 10/14 18:07 2:15 0:23
Troy Terry 0 0 0 -2 2 3 0 0 1 0 0/0 17:43 2:15 0:00
Wyatt Johnston 1 0 1 0 0 5 0 0 0 0 9/17 16:31 2:15 0:00
Players Stats for Los Angeles Kings
Player Name G A P +/- PIM S H SB GA TA FO MP PP MP PK MP
------------------------------------------------------------------------------------
Adam Fantilli 1 0 1 0 0 5 1 0 1 0 12/20 18:16 0:20 0:13
Alexander Alexeyev 0 0 0 0 0 0 3 2 0 1 0/0 18:16 0:00 0:00
Alexander Romanov 0 0 0 0 0 2 1 0 0 0 0/0 18:16 0:00 0:00
Andrei Kuzmenko 0 0 0 0 0 6 0 0 1 0 0/0 14:38 0:00 2:07
Andrei Svechnikov 0 1 1 0 2 3 1 1 4 1 0/1 19:27 0:20 1:20
Blake Wheeler 0 0 0 0 0 4 2 0 1 1 3/4 10:27 0:00 2:10
K'Andre Miller 0 0 0 1 0 0 0 0 0 0 0/0 20:01 0:26 2:26
Logan Cooley 1 0 1 1 0 1 2 0 1 1 3/12 17:26 0:12 0:47
MacKenzie Weegar 0 0 0 0 0 1 1 1 1 2 0/0 21:43 0:06 2:04
Matthew Boldy 0 1 1 1 0 4 5 0 0 0 0/0 17:00 0:20 0:13
Michael Eyssimont 0 0 0 0 0 3 1 0 0 1 4/11 12:31 0:00 0:00
Michael Milne 0 0 0 0 2 0 0 0 0 0 0/1 17:42 0:00 0:00
Noah Dobson 0 0 0 0 0 2 1 1 1 0 0/0 21:43 0:06 2:04
Owen Power 0 0 0 1 0 3 0 1 0 0 0/0 20:01 0:26 2:26
Sampo Ranta 0 0 0 0 2 0 0 0 0 0 0/0 8:11 0:00 0:00
Seth Jarvis 1 1 2 1 0 4 2 0 3 1 2/4 18:54 0:12 2:10
Trent Frederic 0 0 0 0 0 0 1 0 0 0 0/0 8:24 0:12 0:00
Vitali Kravtsov 0 0 0 0 0 0 1 0 0 0 0/1 12:31 0:00 0:00
3 Stars
1 - Andrei Vasilevskiy (LAK)
2 - Seth Jarvis (LAK)
3 - Logan Cooley (LAK)
Power Play
Toronto Maple Leafs - 1 on 3 Attempt(s) - 33.33%
Los Angeles Kings - 1 on 1 Attempt(s) - 100.00%
Penalty Kill
Toronto Maple Leafs - 0 on 1 Attempt(s) - 0.00%
- Score 0 goal in Penalty Kill
Los Angeles Kings - 2 on 3 Attempt(s) - 66.67%
- Score 0 goal in Penalty Kill
Team Stat
Toronto Maple Leafs - Hits : 21 - Faceoff Wins : 30 - Blocked Shots : 11 - Penalty Minutes : 2
Los Angeles Kings - Hits : 22 - Faceoff Wins : 24 - Blocked Shots : 6 - Penalty Minutes : 6
Official
Referees : Ghislain Hebert and Brian Pochmara
Linesman : Jonny Murray and Mitchell Hunt
Game Notes
No Game Note
Finance
Level 1 -- Attendance: 4413 (73.55%) -- Ticket Income $441,300
Level 2 -- Attendance: 3520 (70.40%) -- Ticket Income $211,200
Level 3 -- Attendance: 2257 (75.23%) -- Ticket Income $78,995
Level 4 -- Attendance: 3136 (62.72%) -- Ticket Income $78,400
Luxury Box -- Attendance: 721 (72.10%) -- Ticket Income $144,200
Game was played at the Staples Center.
Total Attendance: 14047 (70.24%)
Total Ticket Income: $954,095
Other Income: $333,933
Total Income: $1,288,028
Toronto Maple Leafs
5 vs 5 Forward
Center Left Wing Right Wing Time % Phy DF OF
1 Tomas Hertl Brady Tkachuk Troy Terry 30 1 2 2
2 Wyatt Johnston Quinton Byfield Nick Bjugstad 30 1 2 2
3 Sam Bennett Nino Niederreiter Nicolas Roy 30 1 2 2
4 Scott Laughton Brandon Saad Andrew Mangiapane 10 1 2 2
5 vs 5 Defense
Defense Defense Time % Phy DF OF
1 Aaron Ekblad Ryan Pulock 30 1 2 2
2 Cody Ceci Mario Ferraro 30 1 2 2
3 Sean Walker Dougie Hamilton 30 1 2 2
4 Aaron Ekblad Ryan Pulock 10 1 0 2
PowerPlay Forward
Center Left Wing Right Wing Time % Phy DF OF
1 Tomas Hertl Brady Tkachuk Troy Terry 50 1 2 2
2 Wyatt Johnston Quinton Byfield Nick Bjugstad 50 1 2 2
PowerPlay Defense
Defense Defense Time % Phy DF OF
1 Aaron Ekblad Ryan Pulock 50 1 2 2
2 Cody Ceci Mario Ferraro 50 1 2 2
Penalty Kill 4 Players Forward
Center Wing Time % Phy DF OF
1 Tomas Hertl Scott Laughton 50 1 2 2
2 Nick Bjugstad Nicolas Roy 50 1 2 2
Penalty Kill 4 Players Defense
Defense Defense Time % Phy DF OF
1 Aaron Ekblad Ryan Pulock 50 1 2 2
2 Cody Ceci Mario Ferraro 50 1 2 2
Penalty Kill - 3 Players Forward
Forward Time % Phy DF OF
1 Tomas Hertl 50 1 2 2
2 Nick Bjugstad 50 1 2 2
Penalty Kill - 3 Players Defense
Defense Defense Time % Phy DF OF
1 Aaron Ekblad Ryan Pulock 50 1 2 2
2 Cody Ceci Mario Ferraro 50 1 2 2
4 vs 4 Forward
Center Wing Time % Phy DF OF
1 Tomas Hertl Brady Tkachuk 50 1 2 2
2 Nick Bjugstad Troy Terry 50 1 2 2
4 vs 4 Defense
Defense Defense Time % Phy DF OF
1 Aaron Ekblad Ryan Pulock 50 1 2 2
2 Cody Ceci Mario Ferraro 50 1 2 2
Last Minutes Offensive
Center Left Wing Right Wing Defense Defense
Tomas Hertl Brady Tkachuk Troy Terry Aaron Ekblad Ryan Pulock
Last Minutes Defensive
Center Left Wing Right Wing Defense Defense
Tomas Hertl Sam Bennett Nick Bjugstad Aaron Ekblad Ryan Pulock
Goaltenders
Starting : Cam Talbot
Backup : Frederik Andersen
Extra Forwards
Normal : Wyatt Johnston, Sam Bennett, Scott Laughton - PP : Wyatt Johnston, Sam Bennett - PK : Scott Laughton
Extra Defensemen
Normal : Sean Walker, Dougie Hamilton, Cody Ceci - PP : Sean Walker - PK : Dougie Hamilton, Cody Ceci
Penalty Shots
Brady Tkachuk, Tomas Hertl, Troy Terry, Nick Bjugstad, Wyatt Johnston
Scratches
Bowen Byram (Healthy), Kyle Okposo (Healthy), Warren Foegele (Healthy), Luke Schenn (Healthy), Pierre Engvall (Healthy)
Los Angeles Kings
5 vs 5 Forward
Center Left Wing Right Wing Time % Phy DF OF
1 Logan Cooley Matthew Boldy Seth Jarvis 30 1 2 2
2 Adam Fantilli Michael Milne Andrei Svechnikov 30 1 2 2
3 Michael Eyssimont Vitali Kravtsov Andrei Kuzmenko 25 1 2 2
4 Blake Wheeler Sampo Ranta Trent Frederic 15 1 2 2
5 vs 5 Defense
Defense Defense Time % Phy DF OF
1 MacKenzie Weegar Noah Dobson 35 1 2 2
2 K'Andre Miller Owen Power 35 1 2 2
3 Alexander Romanov Alexander Alexeyev 30 1 2 2
4 MacKenzie Weegar Noah Dobson 0 1 2 2
PowerPlay Forward
Center Left Wing Right Wing Time % Phy DF OF
1 Logan Cooley Andrei Kuzmenko Seth Jarvis 50 1 2 2
2 Adam Fantilli Matthew Boldy Andrei Svechnikov 50 1 2 2
PowerPlay Defense
Defense Defense Time % Phy DF OF
1 MacKenzie Weegar Noah Dobson 50 1 2 2
2 K'Andre Miller Owen Power 50 1 2 2
Penalty Kill 4 Players Forward
Center Wing Time % Phy DF OF
1 Seth Jarvis Blake Wheeler 50 1 2 2
2 Andrei Svechnikov Andrei Kuzmenko 50 1 2 2
Penalty Kill 4 Players Defense
Defense Defense Time % Phy DF OF
1 MacKenzie Weegar Noah Dobson 50 1 2 2
2 K'Andre Miller Owen Power 50 1 2 2
Penalty Kill - 3 Players Forward
Forward Time % Phy DF OF
1 Seth Jarvis 50 1 2 2
2 Andrei Svechnikov 50 1 2 2
Penalty Kill - 3 Players Defense
Defense Defense Time % Phy DF OF
1 MacKenzie Weegar Noah Dobson 50 1 2 2
2 K'Andre Miller Owen Power 50 1 2 2
4 vs 4 Forward
Center Wing Time % Phy DF OF
1 Seth Jarvis Logan Cooley 50 1 2 2
2 Andrei Svechnikov Andrei Kuzmenko 50 1 2 2
4 vs 4 Defense
Defense Defense Time % Phy DF OF
1 MacKenzie Weegar Noah Dobson 50 1 2 2
2 K'Andre Miller Owen Power 50 1 2 2
Last Minutes Offensive
Center Left Wing Right Wing Defense Defense
Logan Cooley Matthew Boldy Seth Jarvis MacKenzie Weegar Noah Dobson
Last Minutes Defensive
Center Left Wing Right Wing Defense Defense
Logan Cooley Matthew Boldy Seth Jarvis MacKenzie Weegar Noah Dobson
Goaltenders
Starting : Andrei Vasilevskiy
Backup : Jonas Johansson
Extra Forwards
Normal : Trent Frederic, Seth Jarvis, Blake Wheeler - PP : Trent Frederic, Seth Jarvis - PK : Blake Wheeler
Extra Defensemen
Normal : MacKenzie Weegar, Noah Dobson, K'Andre Miller - PP : Noah Dobson - PK : MacKenzie Weegar, K'Andre Miller
Penalty Shots
Seth Jarvis, Trent Frederic, Andrei Svechnikov, Andrei Kuzmenko, Blake Wheeler
Scratches
Ryan Reaves (Healthy), Cooper Marody (Healthy), Jakub Zboril (Healthy), Alex Gallant (Healthy)
% Time on Ice - Toronto Maple Leafs
Lines # - Real PCT - Wanted PCT - Time Play
Normal Forward
1 - 27% - 30% - 14:21
2 - 27% - 30% - 14:16
3 - 29% - 30% - 15:28
4 - 18% - 10% - 9:45
Normal Defense
1 - 31% - 30% - 16:56
2 - 29% - 30% - 15:34
3 - 30% - 30% - 16:14
4 - 9% - 10% - 5:06
PP Forward
1 - 50% - 50% - 2:15
2 - 50% - 50% - 2:15
PP Defense
1 - 46% - 50% - 2:03
2 - 54% - 50% - 2:27
PK Forward
1 - 72% - 50% - 0:23
2 - 28% - 50% - 0:09
PK Defense
1 - 100% - 50% - 0:32
2 - 0% - 50% - 0:00
PK3 Forward
1 - 0% - 50%
2 - 0% - 50%
PK3 Defense
1 - 0% - 50%
2 - 0% - 50%
44 Forward
1 - 0% - 50%
2 - 0% - 50%
44 Defense
1 - 0% - 50%
2 - 0% - 50%
Last Minute Offensive - 1:08
Last Minute Defensive - 0:00
Total
Forward - 60:00
Defense - 60:00
|
% Time on Ice - Los Angeles Kings
Lines # - Real PCT - Wanted PCT - Time Play
Normal Forward
1 - 29% - 30% - 15:25
2 - 33% - 30% - 17:43
3 - 23% - 25% - 12:31
4 - 15% - 15% - 8:12
Normal Defense
1 - 34% - 35% - 18:26
2 - 32% - 35% - 17:09
3 - 34% - 30% - 18:16
4 - 0% - 0% - 0:00
PP Forward
1 - 38% - 50% - 0:12
2 - 63% - 50% - 0:20
PP Defense
1 - 19% - 50% - 0:06
2 - 81% - 50% - 0:26
PK Forward
1 - 48% - 50% - 2:10
2 - 52% - 50% - 2:20
PK Defense
1 - 46% - 50% - 2:04
2 - 54% - 50% - 2:26
PK3 Forward
1 - 0% - 50%
2 - 0% - 50%
PK3 Defense
1 - 0% - 50%
2 - 0% - 50%
44 Forward
1 - 0% - 50%
2 - 0% - 50%
44 Defense
1 - 0% - 50%
2 - 0% - 50%
Last Minute Offensive - 0:00
Last Minute Defensive - 1:07
Total
Forward - 60:00
Defense - 60:00
|
Play-by-Play
1st period
0:01 of 1st period - Tomas Hertl wins face-off versus Logan Cooley in neutral zone.
0:45 of 1st period - Minor Penalty to Michael Milne for High sticking.
0:46 of 1st period - Blake Wheeler wins face-off versus Tomas Hertl in Los Angeles Kings zone.
1:23 of 1st period - Snap shot by Wyatt Johnston.
1:23 of 1st period - Shot Misses the Net.
1:44 of 1st period - Icing by Mario Ferraro.
1:45 of 1st period - Seth Jarvis wins face-off versus Wyatt Johnston in Toronto Maple Leafs zone.
1:46 of 1st period - Snap shot by Blake Wheeler.
1:46 of 1st period - Shot Blocked by Mario Ferraro.
2:45 of 1st period - Penalty to Michael Milne is over, Michael Milne is back on ice.
2:53 of 1st period - Wrist shot by Sam Bennett.
2:53 of 1st period - Shot Blocked by Owen Power.
3:05 of 1st period - Alexander Romanov is hit by Scott Laughton and loses puck.
3:14 of 1st period - Snap shot by Scott Laughton.
3:14 of 1st period - Stopped by Andrei Vasilevskiy without a rebound.
3:15 of 1st period - Sam Bennett wins face-off versus Michael Eyssimont in Los Angeles Kings zone.
3:30 of 1st period - Wrist shot by Nino Niederreiter.
3:30 of 1st period - Deflect By Nicolas Roy.
3:30 of 1st period - Shot Misses the Net.
3:30 of 1st period - Puck is out of play.
3:31 of 1st period - Adam Fantilli wins face-off versus Wyatt Johnston in Los Angeles Kings zone.
3:40 of 1st period - Snap shot by Adam Fantilli.
3:40 of 1st period - Stopped by Cam Talbot with a rebound.
3:56 of 1st period - Owen Power is hit by Brady Tkachuk.
4:17 of 1st period - Slapshot by Nicolas Roy.
4:17 of 1st period - Stopped by Andrei Vasilevskiy without a rebound.
4:18 of 1st period - Sam Bennett wins face-off versus Michael Eyssimont in Los Angeles Kings zone.
5:33 of 1st period - Wrist shot by Nicolas Roy.
5:33 of 1st period - Stopped by Andrei Vasilevskiy with a rebound.
5:39 of 1st period - Wrist shot by Nicolas Roy.
5:39 of 1st period - Shot Blocked by Noah Dobson.
5:41 of 1st period - Wrist shot by Sean Walker.
5:41 of 1st period - Stopped by Andrei Vasilevskiy with a rebound.
5:59 of 1st period - Wrist shot by Andrei Kuzmenko.
5:59 of 1st period - Stopped by Cam Talbot without a rebound.
6:00 of 1st period - Adam Fantilli wins face-off versus Tomas Hertl in Toronto Maple Leafs zone.
6:03 of 1st period - Snap shot by Andrei Svechnikov.
6:03 of 1st period - Shot Blocked by Brady Tkachuk.
6:05 of 1st period - Minor Penalty to Troy Terry for Tripping.
6:06 of 1st period - Tomas Hertl wins face-off versus Adam Fantilli in Toronto Maple Leafs zone.
6:37 of 1st period - Wrist shot by Logan Cooley.
6:37 of 1st period - Goal by Logan Cooley - Toronto Maple Leafs : 0 - Los Angeles Kings : 1.
6:38 of 1st period - Adam Fantilli wins face-off versus Quinton Byfield in neutral zone.
7:05 of 1st period - Owen Power is hit by Tomas Hertl and loses puck.
7:12 of 1st period - Snap shot by Troy Terry.
7:12 of 1st period - Shot Misses the Net.
7:14 of 1st period - Wrist shot by Brady Tkachuk.
7:14 of 1st period - Stopped by Andrei Vasilevskiy with a rebound.
8:07 of 1st period - Snap shot by Andrei Kuzmenko.
8:07 of 1st period - Stopped by Cam Talbot without a rebound.
8:08 of 1st period - Wyatt Johnston wins face-off versus Michael Eyssimont in Toronto Maple Leafs zone.
8:15 of 1st period - Snap shot by Wyatt Johnston.
8:15 of 1st period - Deflect By Quinton Byfield.
8:15 of 1st period - Stopped by Andrei Vasilevskiy with a rebound.
8:23 of 1st period - Snap shot by Michael Eyssimont.
8:23 of 1st period - Stopped by Cam Talbot with a rebound.
8:31 of 1st period - Backhand shot by Michael Eyssimont.
8:31 of 1st period - Stopped by Cam Talbot with a rebound.
8:33 of 1st period - Slapshot by Andrei Kuzmenko.
8:33 of 1st period - Stopped by Cam Talbot without a rebound.
8:34 of 1st period - Tomas Hertl wins face-off versus Logan Cooley in Toronto Maple Leafs zone.
8:34 of 1st period - Tomas Hertl is hit by Seth Jarvis.
9:01 of 1st period - Slapshot by Blake Wheeler.
9:01 of 1st period - Shot Misses the Net.
9:41 of 1st period - Backhand shot by Brady Tkachuk.
9:41 of 1st period - Stopped by Andrei Vasilevskiy without a rebound.
9:42 of 1st period - Wyatt Johnston wins face-off versus Adam Fantilli in Los Angeles Kings zone.
9:45 of 1st period - Snap shot by Wyatt Johnston.
9:45 of 1st period - Shot Misses the Net.
10:09 of 1st period - Brandon Saad is hit by Matthew Boldy and loses puck.
10:49 of 1st period - Andrei Svechnikov is hit by Andrew Mangiapane and loses puck.
12:15 of 1st period - Wrist shot by Blake Wheeler.
12:15 of 1st period - Shot Misses the Net.
12:17 of 1st period - Wrist shot by Blake Wheeler.
12:17 of 1st period - Stopped by Cam Talbot without a rebound.
12:18 of 1st period - Tomas Hertl wins face-off versus Logan Cooley in Toronto Maple Leafs zone.
12:31 of 1st period - Slapshot by Tomas Hertl.
12:31 of 1st period - Stopped by Andrei Vasilevskiy without a rebound.
12:32 of 1st period - Adam Fantilli wins face-off versus Wyatt Johnston in Los Angeles Kings zone.
12:37 of 1st period - Snap shot by Adam Fantilli.
12:37 of 1st period - Shot Misses the Net.
12:39 of 1st period - Slapshot by Owen Power.
12:39 of 1st period - Shot Blocked by Nick Bjugstad.
12:41 of 1st period - Wrist shot by Adam Fantilli.
12:41 of 1st period - Shot Blocked by Cody Ceci.
12:43 of 1st period - Slapshot by Owen Power.
12:43 of 1st period - Stopped by Cam Talbot without a rebound.
12:44 of 1st period - Wyatt Johnston wins face-off versus Logan Cooley in Toronto Maple Leafs zone.
12:49 of 1st period - Snap shot by Wyatt Johnston.
12:49 of 1st period - Shot Misses the Net.
12:51 of 1st period - Wrist shot by Wyatt Johnston.
12:51 of 1st period - Stopped by Andrei Vasilevskiy with a rebound.
12:53 of 1st period - Slapshot by Nick Bjugstad.
12:53 of 1st period - Deflect By Quinton Byfield.
12:53 of 1st period - Shot Blocked by Alexander Alexeyev.
12:53 of 1st period - Puck is out of play.
12:54 of 1st period - Wyatt Johnston wins face-off versus Logan Cooley in Los Angeles Kings zone.
13:19 of 1st period - Seth Jarvis is hit by Quinton Byfield and loses puck.
13:40 of 1st period - Quinton Byfield is hit by Matthew Boldy.
13:48 of 1st period - Snap shot by Seth Jarvis.
13:48 of 1st period - Shot Misses the Net.
14:17 of 1st period - Snap shot by Matthew Boldy.
14:17 of 1st period - Shot Misses the Net.
14:33 of 1st period - Snap shot by Wyatt Johnston.
14:33 of 1st period - Stopped by Andrei Vasilevskiy with a rebound.
14:35 of 1st period - Slapshot by Cody Ceci.
14:35 of 1st period - Stopped by Andrei Vasilevskiy with a rebound.
14:39 of 1st period - Wrist shot by Wyatt Johnston.
14:39 of 1st period - Stopped by Andrei Vasilevskiy with a rebound.
14:41 of 1st period - Snap shot by Quinton Byfield.
14:41 of 1st period - Stopped by Andrei Vasilevskiy without a rebound.
14:42 of 1st period - Tomas Hertl wins face-off versus Adam Fantilli in Los Angeles Kings zone.
14:43 of 1st period - Wrist shot by Brady Tkachuk.
14:43 of 1st period - Stopped by Andrei Vasilevskiy with a rebound.
14:57 of 1st period - Snap shot by Brady Tkachuk.
14:57 of 1st period - Stopped by Andrei Vasilevskiy with a rebound.
15:53 of 1st period - Adam Fantilli is hit by Brady Tkachuk and loses puck.
18:02 of 1st period - Brandon Saad is hit by Alexander Romanov and loses puck.
18:13 of 1st period - Andrei Kuzmenko is hit by Cody Ceci and loses puck.
19:42 of 1st period - Michael Eyssimont is hit by Ryan Pulock and loses puck.
Goals for this period are 0 for Toronto Maple Leafs vs 1 for Los Angeles Kings.
Shots for this period are 15 for Toronto Maple Leafs vs 9 for Los Angeles Kings.
2nd period
0:01 of 2nd period - Adam Fantilli wins face-off versus Brady Tkachuk in neutral zone.
0:12 of 2nd period - Wrist shot by Brady Tkachuk.
0:12 of 2nd period - Shot Blocked by MacKenzie Weegar.
0:14 of 2nd period - Slapshot by Tomas Hertl.
0:14 of 2nd period - Shot Misses the Net.
0:16 of 2nd period - Slapshot by Sean Walker.
0:16 of 2nd period - Stopped by Andrei Vasilevskiy without a rebound.
0:17 of 2nd period - Logan Cooley wins face-off versus Sam Bennett in Los Angeles Kings zone.
0:17 of 2nd period - Logan Cooley is hit by Sam Bennett.
0:30 of 2nd period - Off-side.
0:31 of 2nd period - Adam Fantilli wins face-off versus Tomas Hertl in neutral zone.
0:46 of 2nd period - Slapshot by Andrei Svechnikov.
0:46 of 2nd period - Stopped by Cam Talbot with a rebound.
0:54 of 2nd period - Noah Dobson is hit by Brady Tkachuk and loses puck.
0:59 of 2nd period - Wrist shot by Tomas Hertl.
0:59 of 2nd period - Stopped by Andrei Vasilevskiy with a rebound.
1:01 of 2nd period - Slapshot by Brady Tkachuk.
1:01 of 2nd period - Shot Misses the Net.
1:03 of 2nd period - Snap shot by Tomas Hertl.
1:03 of 2nd period - Stopped by Andrei Vasilevskiy with a rebound.
1:11 of 2nd period - Snap shot by Brady Tkachuk.
1:11 of 2nd period - Stopped by Andrei Vasilevskiy without a rebound.
1:12 of 2nd period - Logan Cooley wins face-off versus Sam Bennett in Los Angeles Kings zone.
1:52 of 2nd period - Wrist shot by Andrei Kuzmenko.
1:52 of 2nd period - Stopped by Cam Talbot with a rebound.
2:48 of 2nd period - Snap shot by Matthew Boldy.
2:48 of 2nd period - Shot Blocked by Ryan Pulock.
3:12 of 2nd period - Nick Bjugstad is hit by Trent Frederic and loses puck.
4:17 of 2nd period - Snap shot by Sam Bennett.
4:17 of 2nd period - Shot Misses the Net.
4:19 of 2nd period - Snap shot by Dougie Hamilton.
4:19 of 2nd period - Shot Misses the Net.
4:35 of 2nd period - Wrist shot by Trent Frederic.
4:35 of 2nd period - Shot Misses the Net.
5:04 of 2nd period - Snap shot by Wyatt Johnston.
5:04 of 2nd period - Shot Misses the Net.
5:06 of 2nd period - Slapshot by Sean Walker.
5:06 of 2nd period - Stopped by Andrei Vasilevskiy without a rebound.
5:07 of 2nd period - Tomas Hertl wins face-off versus Seth Jarvis in Los Angeles Kings zone.
5:32 of 2nd period - Snap shot by Matthew Boldy.
5:32 of 2nd period - Shot Misses the Net.
5:40 of 2nd period - Seth Jarvis is hit by Cody Ceci and loses puck.
5:57 of 2nd period - Troy Terry is hit by Noah Dobson and loses puck.
6:14 of 2nd period - Brady Tkachuk is hit by Matthew Boldy and loses puck.
6:23 of 2nd period - Slapshot by Seth Jarvis.
6:23 of 2nd period - Goal by Seth Jarvis - Toronto Maple Leafs : 0 - Los Angeles Kings : 2.
6:24 of 2nd period - Sam Bennett wins face-off versus Adam Fantilli in neutral zone.
7:15 of 2nd period - Wrist shot by Blake Wheeler.
7:15 of 2nd period - Stopped by Cam Talbot with a rebound.
7:17 of 2nd period - Slapshot by Alexander Romanov.
7:17 of 2nd period - Stopped by Cam Talbot without a rebound.
7:18 of 2nd period - Blake Wheeler wins face-off versus Sam Bennett in Toronto Maple Leafs zone.
7:21 of 2nd period - Slapshot by Noah Dobson.
7:21 of 2nd period - Stopped by Cam Talbot without a rebound.
7:22 of 2nd period - Sam Bennett wins face-off versus Adam Fantilli in Toronto Maple Leafs zone.
7:27 of 2nd period - Snap shot by Nicolas Roy.
7:27 of 2nd period - Goal by Nicolas Roy - Toronto Maple Leafs : 1 - Los Angeles Kings : 2.
7:28 of 2nd period - Adam Fantilli wins face-off versus Sam Bennett in neutral zone.
7:36 of 2nd period - Wrist shot by Adam Fantilli.
7:36 of 2nd period - Shot Misses the Net.
7:38 of 2nd period - Snap shot by Andrei Svechnikov.
7:38 of 2nd period - Stopped by Cam Talbot without a rebound.
7:39 of 2nd period - Wyatt Johnston wins face-off versus Adam Fantilli in Toronto Maple Leafs zone.
8:04 of 2nd period - Michael Eyssimont is hit by Aaron Ekblad and loses puck.
8:25 of 2nd period - Dougie Hamilton is hit by Logan Cooley and loses puck.
8:45 of 2nd period - Sean Walker is hit by Adam Fantilli and loses puck.
8:52 of 2nd period - Adam Fantilli is hit by Dougie Hamilton.
9:00 of 2nd period - K'Andre Miller is hit by Scott Laughton and loses puck.
9:31 of 2nd period - Andrei Svechnikov is hit by Scott Laughton and loses puck.
10:26 of 2nd period - Icing by Owen Power.
10:27 of 2nd period - Wyatt Johnston wins face-off versus Adam Fantilli in Los Angeles Kings zone.
10:54 of 2nd period - Snap shot by Andrei Kuzmenko.
10:54 of 2nd period - Shot Blocked by Nino Niederreiter.
10:56 of 2nd period - Slapshot by Andrei Kuzmenko.
10:56 of 2nd period - Shot Blocked by Cody Ceci.
10:58 of 2nd period - Slapshot by K'Andre Miller.
10:58 of 2nd period - Shot Blocked by Cody Ceci.
11:00 of 2nd period - Slapshot by Michael Eyssimont.
11:00 of 2nd period - Shot Misses the Net.
11:02 of 2nd period - Snap shot by Owen Power.
11:02 of 2nd period - Stopped by Cam Talbot without a rebound.
11:03 of 2nd period - Logan Cooley wins face-off versus Wyatt Johnston in Toronto Maple Leafs zone.
11:04 of 2nd period - Snap shot by Seth Jarvis.
11:04 of 2nd period - Stopped by Cam Talbot with a rebound.
11:06 of 2nd period - Snap shot by Seth Jarvis.
11:06 of 2nd period - Shot Misses the Net.
11:08 of 2nd period - Snap shot by Matthew Boldy.
11:08 of 2nd period - Shot Misses the Net.
11:12 of 2nd period - Wrist shot by Matthew Boldy.
11:12 of 2nd period - Stopped by Cam Talbot with a rebound.
11:14 of 2nd period - Snap shot by Matthew Boldy.
11:14 of 2nd period - Stopped by Cam Talbot without a rebound.
11:15 of 2nd period - Sam Bennett wins face-off versus Michael Eyssimont in Toronto Maple Leafs zone.
11:30 of 2nd period - Wrist shot by Nicolas Roy.
11:30 of 2nd period - Stopped by Andrei Vasilevskiy with a rebound.
11:42 of 2nd period - Tomas Hertl is hit by MacKenzie Weegar and loses puck.
12:04 of 2nd period - Snap shot by Brady Tkachuk.
12:04 of 2nd period - Deflect By Tomas Hertl.
12:04 of 2nd period - Stopped by Andrei Vasilevskiy without a rebound.
12:05 of 2nd period - Blake Wheeler wins face-off versus Wyatt Johnston in Los Angeles Kings zone.
12:17 of 2nd period - Icing by Quinton Byfield.
12:18 of 2nd period - Wyatt Johnston wins face-off versus Logan Cooley in Toronto Maple Leafs zone.
12:35 of 2nd period - Slapshot by Wyatt Johnston.
12:35 of 2nd period - Shot Misses the Net.
13:01 of 2nd period - Wrist shot by Wyatt Johnston.
13:01 of 2nd period - Stopped by Andrei Vasilevskiy without a rebound.
13:02 of 2nd period - Adam Fantilli wins face-off versus Sam Bennett in Los Angeles Kings zone.
13:42 of 2nd period - Snap shot by Troy Terry.
13:42 of 2nd period - Stopped by Andrei Vasilevskiy without a rebound.
13:43 of 2nd period - Michael Eyssimont wins face-off versus Wyatt Johnston in Los Angeles Kings zone.
14:08 of 2nd period - Nino Niederreiter is hit by Logan Cooley and loses puck.
14:13 of 2nd period - Wrist shot by Matthew Boldy.
14:13 of 2nd period - Deflect By Seth Jarvis.
14:13 of 2nd period - Stopped by Cam Talbot with a rebound.
14:15 of 2nd period - Slapshot by MacKenzie Weegar.
14:15 of 2nd period - Stopped by Cam Talbot with a rebound.
14:38 of 2nd period - Wrist shot by Troy Terry.
14:38 of 2nd period - Shot Blocked by Andrei Svechnikov.
14:40 of 2nd period - Slapshot by Aaron Ekblad.
14:40 of 2nd period - Stopped by Andrei Vasilevskiy with a rebound.
14:54 of 2nd period - Slapshot by Noah Dobson.
14:54 of 2nd period - Shot Misses the Net.
15:21 of 2nd period - Slapshot by Michael Eyssimont.
15:21 of 2nd period - Stopped by Cam Talbot with a rebound.
15:33 of 2nd period - Logan Cooley is hit by Cody Ceci.
15:37 of 2nd period - Nicolas Roy is hit by Seth Jarvis and loses puck.
16:05 of 2nd period - Icing by Sean Walker.
16:06 of 2nd period - Tomas Hertl wins face-off versus Michael Eyssimont in Toronto Maple Leafs zone.
16:06 of 2nd period - Tomas Hertl is hit by Vitali Kravtsov.
17:18 of 2nd period - Slapshot by Blake Wheeler.
17:18 of 2nd period - Stopped by Cam Talbot with a rebound.
17:39 of 2nd period - Snap shot by Brady Tkachuk.
17:39 of 2nd period - Stopped by Andrei Vasilevskiy with a rebound.
17:41 of 2nd period - Wrist shot by Tomas Hertl.
17:41 of 2nd period - Stopped by Andrei Vasilevskiy with a rebound.
17:43 of 2nd period - Snap shot by Brady Tkachuk.
17:43 of 2nd period - Stopped by Andrei Vasilevskiy without a rebound.
17:44 of 2nd period - Adam Fantilli wins face-off versus Sam Bennett in Los Angeles Kings zone.
17:46 of 2nd period - Icing by MacKenzie Weegar.
17:47 of 2nd period - Adam Fantilli wins face-off versus Sam Bennett in Los Angeles Kings zone.
18:39 of 2nd period - Aaron Ekblad is hit by Michael Eyssimont and loses puck.
19:19 of 2nd period - Slapshot by Aaron Ekblad.
19:19 of 2nd period - Stopped by Andrei Vasilevskiy without a rebound.
19:20 of 2nd period - Nino Niederreiter wins face-off versus Logan Cooley in Los Angeles Kings zone.
19:21 of 2nd period - Wrist shot by Nicolas Roy.
19:21 of 2nd period - Stopped by Andrei Vasilevskiy with a rebound.
19:38 of 2nd period - Snap shot by Matthew Boldy.
19:38 of 2nd period - Stopped by Cam Talbot without a rebound.
19:39 of 2nd period - Tomas Hertl wins face-off versus Andrei Svechnikov in Toronto Maple Leafs zone.
Goals for this period are 1 for Toronto Maple Leafs vs 1 for Los Angeles Kings.
Shots for this period are 16 for Toronto Maple Leafs vs 16 for Los Angeles Kings.
3rd period
0:01 of 3rd period - Wyatt Johnston wins face-off versus Michael Eyssimont in neutral zone.
0:29 of 3rd period - Alexander Alexeyev is hit by Aaron Ekblad.
0:51 of 3rd period - Sampo Ranta is hit by Ryan Pulock and loses puck.
1:31 of 3rd period - Wrist shot by Matthew Boldy.
1:31 of 3rd period - Stopped by Cam Talbot with a rebound.
1:33 of 3rd period - Snap shot by Matthew Boldy.
1:33 of 3rd period - Shot Hit the Post.
1:35 of 3rd period - Snap shot by K'Andre Miller.
1:35 of 3rd period - Shot Blocked by Mario Ferraro.
1:37 of 3rd period - Snap shot by Owen Power.
1:37 of 3rd period - Deflect By Nick Bjugstad.
1:37 of 3rd period - Stopped by Cam Talbot with a rebound.
1:39 of 3rd period - Snap shot by Logan Cooley.
1:39 of 3rd period - Shot Blocked by Mario Ferraro.
2:15 of 3rd period - Cody Ceci is hit by Blake Wheeler.
2:22 of 3rd period - Icing by Nicolas Roy.
2:23 of 3rd period - Sam Bennett wins face-off versus Logan Cooley in Toronto Maple Leafs zone.
2:23 of 3rd period - Sam Bennett is hit by Matthew Boldy.
2:29 of 3rd period - Snap shot by Sam Bennett.
2:29 of 3rd period - Shot Misses the Net.
2:31 of 3rd period - Slapshot by Cody Ceci.
2:31 of 3rd period - Stopped by Andrei Vasilevskiy with a rebound.
2:33 of 3rd period - Snap shot by Nino Niederreiter.
2:33 of 3rd period - Stopped by Andrei Vasilevskiy with a rebound.
2:35 of 3rd period - Wrist shot by Sam Bennett.
2:35 of 3rd period - Deflect By Nicolas Roy.
2:35 of 3rd period - Stopped by Andrei Vasilevskiy with a rebound.
2:37 of 3rd period - Wrist shot by Nicolas Roy.
2:37 of 3rd period - Deflect By Matthew Boldy.
2:37 of 3rd period - Shot Blocked by Alexander Alexeyev.
2:37 of 3rd period - Puck is out of play.
2:38 of 3rd period - Wyatt Johnston wins face-off versus Michael Milne in Los Angeles Kings zone.
2:39 of 3rd period - Snap shot by Nick Bjugstad.
2:39 of 3rd period - Stopped by Andrei Vasilevskiy with a rebound.
3:12 of 3rd period - Seth Jarvis is hit by Ryan Pulock and loses puck.
4:03 of 3rd period - Matthew Boldy is hit by Quinton Byfield.
4:04 of 3rd period - Icing by Matthew Boldy.
4:05 of 3rd period - Tomas Hertl wins face-off versus Logan Cooley in Los Angeles Kings zone.
4:34 of 3rd period - Slapshot by Noah Dobson.
4:34 of 3rd period - Stopped by Cam Talbot without a rebound.
4:35 of 3rd period - Michael Eyssimont wins face-off versus Sam Bennett in Toronto Maple Leafs zone.
4:47 of 3rd period - Off-side.
4:48 of 3rd period - Adam Fantilli wins face-off versus Tomas Hertl in neutral zone.
5:01 of 3rd period - Snap shot by Adam Fantilli.
5:01 of 3rd period - Goal by Adam Fantilli - Toronto Maple Leafs : 1 - Los Angeles Kings : 3.
5:02 of 3rd period - Adam Fantilli wins face-off versus Sam Bennett in neutral zone.
5:05 of 3rd period - Wrist shot by Adam Fantilli.
5:05 of 3rd period - Stopped by Cam Talbot without a rebound.
5:06 of 3rd period - Sam Bennett wins face-off versus Adam Fantilli in Toronto Maple Leafs zone.
5:06 of 3rd period - Sam Bennett is hit by Andrei Svechnikov.
6:12 of 3rd period - Aaron Ekblad is hit by Alexander Alexeyev and loses puck.
6:21 of 3rd period - Wrist shot by Andrei Svechnikov.
6:21 of 3rd period - Shot Misses the Net.
6:32 of 3rd period - Minor Penalty to Andrei Svechnikov for Roughing.
6:33 of 3rd period - Seth Jarvis wins face-off versus Wyatt Johnston in Los Angeles Kings zone.
8:09 of 3rd period - Quinton Byfield is hit by Matthew Boldy and loses puck.
8:32 of 3rd period - Penalty to Andrei Svechnikov is over, Andrei Svechnikov is back on ice.
8:44 of 3rd period - Snap shot by Andrei Kuzmenko.
8:44 of 3rd period - Stopped by Cam Talbot without a rebound.
8:45 of 3rd period - Sam Bennett wins face-off versus Vitali Kravtsov in Toronto Maple Leafs zone.
8:45 of 3rd period - Sam Bennett is hit by Alexander Alexeyev.
9:46 of 3rd period - Minor Penalty to Sampo Ranta for Goalie Interference.
9:47 of 3rd period - Tomas Hertl wins face-off versus Seth Jarvis in Los Angeles Kings zone.
10:18 of 3rd period - Snap shot by Wyatt Johnston.
10:18 of 3rd period - Goal by Wyatt Johnston - Toronto Maple Leafs : 2 - Los Angeles Kings : 3.
10:19 of 3rd period - Brady Tkachuk wins face-off versus Michael Eyssimont in neutral zone.
10:47 of 3rd period - Off-side.
10:48 of 3rd period - Sam Bennett wins face-off versus Blake Wheeler in neutral zone.
11:03 of 3rd period - Snap shot by Sam Bennett.
11:03 of 3rd period - Stopped by Andrei Vasilevskiy with a rebound.
11:34 of 3rd period - Slapshot by Matthew Boldy.
11:34 of 3rd period - Shot Misses the Net.
11:36 of 3rd period - Wrist shot by Matthew Boldy.
11:36 of 3rd period - Shot Blocked by Ryan Pulock.
11:38 of 3rd period - Snap shot by Seth Jarvis.
11:38 of 3rd period - Stopped by Cam Talbot with a rebound.
12:33 of 3rd period - Snap shot by Troy Terry.
12:33 of 3rd period - Stopped by Andrei Vasilevskiy with a rebound.
12:59 of 3rd period - Slapshot by Owen Power.
12:59 of 3rd period - Deflect By Blake Wheeler.
12:59 of 3rd period - Stopped by Cam Talbot without a rebound.
13:00 of 3rd period - Michael Eyssimont wins face-off versus Wyatt Johnston in Toronto Maple Leafs zone.
13:03 of 3rd period - Wrist shot by Andrei Kuzmenko.
13:03 of 3rd period - Shot Misses the Net.
13:05 of 3rd period - Snap shot by Andrei Kuzmenko.
13:05 of 3rd period - Shot Misses the Net.
13:07 of 3rd period - Snap shot by Andrei Kuzmenko.
13:07 of 3rd period - Stopped by Cam Talbot with a rebound.
13:25 of 3rd period - Alexander Alexeyev is hit by Brady Tkachuk and loses puck.
13:54 of 3rd period - Wrist shot by Adam Fantilli.
13:54 of 3rd period - Stopped by Cam Talbot with a rebound.
13:56 of 3rd period - Snap shot by Adam Fantilli.
13:56 of 3rd period - Stopped by Cam Talbot with a rebound.
15:21 of 3rd period - Slapshot by Alexander Romanov.
15:21 of 3rd period - Deflect By Quinton Byfield.
15:21 of 3rd period - Stopped by Cam Talbot with a rebound.
15:23 of 3rd period - Slapshot by Michael Eyssimont.
15:23 of 3rd period - Shot Misses the Net.
15:47 of 3rd period - Dougie Hamilton is hit by Alexander Alexeyev and loses puck.
16:47 of 3rd period - Snap shot by Adam Fantilli.
16:47 of 3rd period - Shot Misses the Net.
17:11 of 3rd period - Wrist shot by Andrei Svechnikov.
17:11 of 3rd period - Stopped by Cam Talbot with a rebound.
17:55 of 3rd period - Snap shot by Brandon Saad.
17:55 of 3rd period - Stopped by Andrei Vasilevskiy with a rebound.
18:10 of 3rd period - Off-side.
18:11 of 3rd period - Michael Eyssimont wins face-off versus Sam Bennett in neutral zone.
18:37 of 3rd period - Brady Tkachuk is hit by Blake Wheeler and loses puck.
18:58 of 3rd period - Toronto Maple Leafs, Cam Talbot is pulled from the net.
19:02 of 3rd period - Slapshot by Troy Terry.
19:02 of 3rd period - Shot Misses the Net.
19:04 of 3rd period - Snap shot by Tomas Hertl.
19:04 of 3rd period - Stopped by Andrei Vasilevskiy with a rebound.
19:06 of 3rd period - Snap shot by Troy Terry.
19:06 of 3rd period - Stopped by Andrei Vasilevskiy with a rebound.
19:16 of 3rd period - Snap shot by Matthew Boldy.
19:16 of 3rd period - Shot Misses the Net.
19:55 of 3rd period - Slapshot by Tomas Hertl.
19:55 of 3rd period - Shot Misses the Net.
Goals for this period are 1 for Toronto Maple Leafs vs 1 for Los Angeles Kings.
Shots for this period are 10 for Toronto Maple Leafs vs 13 for Los Angeles Kings.
Back to the Top